 Dungeon Crawl Stone Soup version 0.31-a0-1074-g0b22e4e0f1 (webtiles) character file.

Game seed: 130146605115114768

3994 BigPumpCobain the Grappler (level 10, -1/102 HPs)
             Began as a Troll Shapeshifter on Dec 6, 2023.
             Was a Believer of Wu Jian.
             Slain by a yak (12 damage)
             ... on level 9 of the Dungeon.
             The game lasted 00:11:50 (6875 turns).

BigPumpCobain the Grappler (Troll Shapeshifter)     Turns: 6875, Time: 00:11:50

Health: -1/102     AC:  7    Str: 28    XL:     10   Next: 3%
Magic:  9/9        EV: 24    Int:  6    God:    Wu Jian [**....]
Gold:   435        SH:  0    Dex:  9    Spells: 9/9 levels left

rFire   . .          .
                       - Unarmed
rCold   + . .        (no shield)
rNeg    . . .        D - +0 steam dragon scales
rPois   .            (helmet currently unavailable)
rElec   .            (cloak currently unavailable)
rCorr   .            (gloves unavailable)
SInv    +            (boots unavailable)
Will    .....        w - amulet of the acrobat
Stlth   +            r - ring of protection from cold
HPRegen 1.17/turn    C - ring of see invisible
MPRegen 0.11/turn

%: acrobat
@: beast-form, acrobatic
A: beast (slay +4), large, unfitting armour, claws 3, regeneration 1, shaggy fur
1, tough skin 1
a: Begin Untransformation, Renounce Religion, Wall Jump


You were on level 9 of the Dungeon.
You worshipped Wu Jian.
Wu Jian was pleased with you.
You were a hulking beast.
You visited 1 branch of the dungeon, and saw 9 of its levels.

You collected 435 gold pieces.

Inventory:

Hand Weapons
 l - the +0 whip of Vanity {flame, Will- Str+3 Stlth+}
   (You found it on level 3 of the Dungeon)

   Str+3:     It affects your strength (+3).
   Will-:     It decreases your willpower.
   Stlth+:    It makes you more stealthy.
 A - a +5 dire flail
Missiles
 E - a curare-tipped dart
Armour
 D - +0 steam dragon scales (worn)
 G - the +0 toga "Victory" {*Victory Clar}
   (You found it on level 9 of the Dungeon)

   *Victory:  When the wearer kills a threatening monster, it has a chance to
   gain +1 AC, +1 Slay, and +1 Int, capping at +7.
   When the wearer uses a scroll or a potion with a hostile monster in sight,
   its bonuses reset to +0.
   Unequipping it also resets its bonuses to +0.
   Clar:      It protects you from confusion, rage, mesmerisation and fear.
Jewellery
 r - a ring of protection from cold (left claw)
 w - an amulet of the acrobat (around neck)
 C - a ring of see invisible (right claw)
Talismans
 c - a beast talisman
 d - a flux talisman
 q - a serpent talisman
Wands
 t - a wand of flame (78)
 u - a wand of iceblast (11)
 B - a wand of digging (1)
 F - a wand of paralysis (11)
Scrolls
 f - 5 scrolls of teleportation {unknown}
 g - 9 scrolls of identify {unknown}
 h - 3 scrolls of torment {unknown}
 i - a scroll of acquirement {unknown}
 j - 3 scrolls of fear {unknown}
 m - a scroll of vulnerability {unknown}
 o - 4 scrolls of immolation {unknown}
 s - 2 scrolls of butterflies {unknown}
 x - a scroll of silence {unknown}
 y - a scroll of enchant armour {unknown}
 H - a scroll of enchant weapon {unknown}
Potions
 a - a potion of magic {unknown}
 b - 6 potions of curing {unknown}
 e - a potion of haste {unknown}
 k - a potion of enlightenment {unknown}
 n - a potion of mutation {unknown}
 p - 3 potions of heal wounds {unknown}
 v - 2 potions of resistance {unknown}
 z - a potion of brilliance {unknown}


   Skills:
 + Level 7.3 Fighting
 - Level 1.5 Dodging
 + Level 9.3 Unarmed Combat
 * Level 7.7 Shapeshifting


You had 9 spell levels left.
You didn't know any spells.
Your spell library contained the following spells:

 Spells                   Type           Power      Damage    Failure   Level
 Slow                     Hex            0%         N/A       45%         1
 Cigotuvi's Dreadful Rot  Necr/Pois/Air  0%         N/A       58%         2
 Confusing Touch          Hex            0%         N/A       83%         3
 Sigil of Binding         Hex            0%         N/A       83%         3
 Vampiric Draining        Necr           0%         2d6       83%         3
 Animate Armour           Summ/Erth      0%         N/A       99%         4
 Dispel Undead            Necr           0%         3d6       99%         4
 Leda's Liquefaction      Hex/Erth       0%         N/A       99%         4
 Alistair's Intoxication  Tmut/Pois      0%         N/A       100%        5
 Yara's Violent Unravell  Hex/Tmut       0%         3d3       100%        5
 Death Channel            Necr           0%         N/A       100%        6


Dungeon Overview and Level Annotations

Branches:
Dungeon (9/15)             Temple (0/1) D:5            Lair (0/5) D:8
    Orc: D:9-12

Altars:
Ashenzari
Fedhas
Gozag
Kikubaaqudgha
Okawaru
Uskayaw
Wu Jian
Zin


Innate Abilities, Weirdness & Mutations

You are a hulking beast.
Your limbs bulge with bestial killing power. (Slay +4)
You are too large for most types of armour.
You have claws for hands.
Your natural rate of healing is unusually fast.
You are covered in fur. (AC +1)
You have tough skin. (AC +1)


Message History

You are too injured to fight recklessly!
You are too injured to fight recklessly!
You are too injured to fight recklessly!
You are too injured to fight recklessly!
You are too injured to fight recklessly!
You spin and attack the yak.
You closely miss the yak.
You spin and attack the yak repeatedly.
You scratch the yak.
The yak is lightly wounded.
You claw the yak!
The yak is moderately wounded.
You spin and attack the yak.
You barely miss the yak. The yak gores you but does no damage.
The yak gores you! The yak closely misses you.
Okay, then.
You spin and attack the yak.
You scratch the yak.
The yak is lightly wounded.
The yak gores you!
* * * LOW HITPOINT WARNING * * *
You spin and attack the yak.
You claw the yak!
The yak is moderately wounded.
You spin and attack the yak.
You mangle the yak!!
The yak is severely wounded.
The yak closely misses you.
Aiming: Wall Jump
Press: ? - help, Dir - move target You repeatedly attack the yak from above.
You mangle the yak!!
The yak is heavily wounded.
You claw the yak! Your claw misses the yak.
The yak is severely wounded.
You mangle the yak!!
You kill the yak!
The Council accepts your kill. The yak gores you!
* * * LOW HITPOINT WARNING * * *
The yak gores you.
* * * LOW HITPOINT WARNING * * *
You have reached level 10!
The yak attacks as it pursues you! The yak gores you!
You die...

#................#
#..).............#
####................#
#....######.........#
#....# #.........#
#....# #.........#
####.# #.......$.#
#.# #.........#
#.######h........#
#........YYY.....###
#.##'###...Y......>..
#.#....#...†.........
#.#....#.............
#.#....#...#####.....
#.######...# .....
#.. .....# ..... #..
......# ....


You could see 4 yaks.

Vanquished Creatures
  Sigmund (D:2)
  2 yaks (D:9)
  Eustachio (D:4)
  A steam dragon (D:7)
  An orc warrior (D:8)
  2 black bears
  An ice beast (D:5)
  An ogre (D:6)
  2 centaurs
  A phantom (D:6)
  A kobold brigand (D:8)
  Blork the orc (D:5)
  2 elf zombies (D:5)
  A bullfrog (D:7)
  2 scorpions
  An elf skeleton (D:5)
  9 wights
  8 killer bees
  2 howler monkeys
  3 jellies
  6 orc priests
  2 hounds (D:4)
  3 human zombies (D:5)
  4 gnoll boudas
  A sleepcap (D:6)
  7 iguanas
  Ijyb (D:4)
  A human skeleton (D:5)
  4 orc wizards
  Terence (D:2)
  Robin (D:4)
  4 gnolls (D:5)
  5 adders
  A shadow imp (D:8)
  A white imp (D:5)
  2 worms
  3 dart slugs
  31 orcs
  6 bats
  5 endoplasms
  3 giant cockroaches
  13 hobgoblins
  4 jackals (D:4)
  2 quokkas
  5 ball pythons
  4 frilled lizards
  12 goblins
  7 kobolds
  3 orc skeletons (D:5)
  An orc zombie (D:5)
  A rat (D:3)
187 creatures vanquished.

Notes
Turn   | Place    | Note
-------+----------+-------------------------------------------
     0 | D:1      | BigPumpCobain the Troll Shapeshifter began the quest for
                  | the Orb.
     0 | D:1      | Reached XP level 1. HP: 18/18 MP: 0/0
    63 | D:1      | Reached skill level 1 in Fighting
   146 | D:1      | Reached XP level 2. HP: 25/27 MP: 1/1
   196 | D:1      | Got Zirol's Compilation of Topography and
                  | Transmogrification
   616 | D:1      | Reached XP level 3. HP: 35/35 MP: 2/2
   878 | D:2      | Noticed Terence
   888 | D:2      | Killed Terence
   889 | D:2      | Reached skill level 4 in Unarmed Combat
   934 | D:2      | Noticed Sigmund
   954 | D:2      | Killed Sigmund
   955 | D:2      | Reached skill level 5 in Unarmed Combat
   955 | D:2      | Reached XP level 4. HP: 6/45 MP: 3/3
   955 | D:2      | Reached XP level 5. HP: 8/53 MP: 4/4
  1412 | D:3      | Reached XP level 6. HP: 42/61 MP: 5/5
  1480 | D:3      | Identified the +0 whip of Vanity {flame, Will- Str+3
                  | Stlth+}
  1910 | D:3      | Identified the +2 robe of Indestructible Leaves {Rampage
                  | Drain Int+3 Archmagi}
  1999 | D:4      | Found a hide-covered altar of Uskayaw.
  2053 | D:4      | Noticed Robin
  2064 | D:4      | Killed Robin
  2450 | D:4      | Reached skill level 6 in Unarmed Combat
  2450 | D:4      | Reached XP level 7. HP: 71/71 MP: 6/6
  2450 | D:4      | Noticed Ijyb
  2461 | D:4      | Killed Ijyb
  2512 | D:4      | Noticed Eustachio
  2538 | D:4      | Killed Eustachio
  2546 | D:4      | Found an ornate altar of the Wu Jian Council.
  2635 | D:4      | Reached skill level 5 in Fighting
  3080 | D:4      | Became a worshipper of the Wu Jian Council
  3106 | D:5      | Entered Level 5 of the Dungeon
  3142 | D:5      | Reached skill level 7 in Unarmed Combat
  3325 | D:5      | Reached XP level 8. HP: 76/81 MP: 7/7
  3371 | D:5      | Found a staircase to the Ecumenical Temple.
  3962 | D:5      | Noticed Blork the orc
  3967 | D:5      | Killed Blork the orc
  4202 | D:5      | Reached skill level 8 in Unarmed Combat
  4210 | D:5      | Reached * piety under Wu Jian
  4428 | D:6      | Reached skill level 5 in Shapeshifting
  4477 | D:6      | Found a broken altar of Ashenzari.
  4593 | D:6      | Reached XP level 9. HP: 89/89 MP: 8/8
  4708 | D:6      | Identified the flux talisman "Ympal" {*Slow rN+ Stlth+}
  5052 | D:7      | Found an opulent altar of Gozag.
  5174 | D:7      | Found an ancient bone altar of Kikubaaqudgha.
  5469 | D:7      | Found a glowing silver altar of Zin.
  5710 | D:8      | Reached ** piety under Wu Jian
  6024 | D:8      | Reached skill level 9 in Unarmed Combat
  6114 | D:8      | Found a blossoming altar of Fedhas.
  6225 | D:8      | Found an iron altar of Okawaru.
  6326 | D:8      | Found a staircase to the Lair.
  6820 | D:9      | Found the +0 toga "Victory" {*Victory Clar}
  6874 | D:9      | Reached XP level 10. HP: 9/102 MP: 9/9
  6875 | D:9      | Slain by a yak

Illustrated notes

Levels and vault maps discovered:
D:1:      tarquinn_simple_flora_water_a, layout_basic
D:2:      layout_loops_ring, uniq_terence, uniq_sigmund
D:3:      layout_basic
D:4:      layout_layer_cave, eat_drink_and_be_merry_uskayaw,
          kennysheep_mini_moat, uniq_ijyb, uniq_robin, uniq_eustachio
D:5:      layout_loops_corners, minmay_temple_entry_nine_rooms,
          nicolae_ossuary_entry_catacombs, grunt_decor_arrowhead,
          kennysheep_opposing_triangles, uniq_blork_the_orc
D:6:      layout_rooms, mainiacjoe_overflow_alcove_2,
          hangedman_abyss_or_decor_passed, minivault_22
D:7:      layout_loops_ring, pdpol_temple_overflow_zin_treasury_gozag_greed,
          amcnicky_altar_gilded
D:8:      kennysheep_six_static_rooms, layout_basic, fedhas_altar_1,
          okawaru_metal_pillars_3, lair_entry_dummy
D:9:      lemuel_troll_bridge, layout_irregular_city,
          lemuel_mausoleum_altar_yredelemnul, lemuel_flamethrower_hall

Skill      XL: |  1  2  3  4  5  6  7  8  9 |
---------------+----------------------------+-----
Fighting       | 1 3 4 5 6 7 |  7.3
Unarmed Combat | 5 6 7 8 9 |  9.3
Shapeshifting  | 5 7 |  7.7
Dodging        | |  1.5

Action                     |  1- 3 |  4- 6 |  7- 9 | 10-12 || total
---------------------------+-------+-------+-------+-------++-------
  Melee: Unarmed           |    80 |    97 |   300 |       ||   477
         Punch             |       |       |    10 |       ||    10
Ability: Lunge             |       |       |    31 |       ||    31
         Whirlwind         |       |       |    13 |       ||    13
         Wall Jump         |       |       |     1 |       ||     1
    Use: Potion            |     1 |       |       |       ||     1
   Stab: Sleeping          |     1 |       |     4 |       ||     5
 Armour: Animal skin       |    60 |    72 |   108 |       ||   240
         Skin              |     1 |       |       |       ||     1
         Steam dragon scal |       |       |    48 |     1 ||    49
  Dodge: Dodged            |    32 |    54 |    95 |       ||   181

Table legend: (Time is in decaauts)
 A = Elapsed time spent in this place.
 B = Non-inter-level travel time spent in this place.
 C = Inter-level travel time spent in this place.
 D = Time resting spent in this place.
 E = Time spent auto-exploring this place.
 F = Levels seen in this place.
 G = Mean time per level.
                   A        B        C        D        E       F      G
               +--------+--------+--------+--------+--------+-----+--------+
         Total |   6824 |   6399 |    425 |    116 |   5288 |   9 |  758.2 |
       Dungeon |   6824 |   6399 |    425 |    116 |   5288 |   9 |  758.2 |
               +--------+--------+--------+--------+--------+-----+--------+

Top non-repeatable levels by time:
     D:5: 1281 daAuts
     D:8: 1119 daAuts
     D:4: 1116 daAuts
     D:7: 772 daAuts
     D:1: 690 daAuts
     D:2: 643 daAuts
     D:3: 634 daAuts
     D:6: 511 daAuts
     D:9: 54 daAuts
